 Dungeon Crawl Stone Soup version 0.29.0-3-gbb0933ed62 (webtiles) character file.

Game seed: 5507661742118186498

170 Numpty the Chopper (level 5, 0/47 HPs)
             Began as a Hill Orc Berserker on Aug 25, 2022.
             Was a Believer of Trog.
             Slain by a gnoll
             ... wielding a +0 spear
              (3 damage)
             ... on level 3 of the Dungeon.
             The game lasted 00:10:57 (2133 turns).

Numpty the Chopper (Hill Orc Berserker)             Turns: 2133, Time: 00:10:57

Health: 0/47       AC:  5    Str: 22    XL:     5   Next: 51%
Magic:  5/5        EV: 12    Int:  7    God:    Trog [**....]
Gold:   189        SH:  0    Dex: 10    Spells: 4/4 levels left

rFire   . . .      SeeInvis .   m - +0 broad axe
rCold   . . .      Faith    .   (no shield)
rNeg    . . .      Spirit   .   i - +0 leather armour
rPois   .          Reflect  .   l - +0 helmet
rElec   .          Harm     .   (no cloak)
rCorr   .          Rampage  .   d - +0 pair of gloves
Will    .....                   (no boots)
Stlth   +.........              (no amulet)
HPRegen 0.15/turn               (no ring)
MPRegen 0.09/turn               (no ring)

@: weak-willed
A: no striking features
a: Renounce Religion, Berserk, Trog's Hand


You were on level 3 of the Dungeon.
You worshipped Trog.
Trog was pleased with you.
You visited 1 branch of the dungeon, and saw 3 of its levels.

You collected 189 gold pieces.

Inventory:

Hand Weapons
 a - a +0 hand axe
 m - a +0 broad axe (weapon)
 o - a +0 war axe
Armour
 b - a +0 animal skin
 d - a +0 pair of gloves (worn)
 i - a +0 leather armour (worn)
 l - a +0 helmet (worn)
Scrolls
 e - 2 scrolls of teleportation
 g - a scroll of silence {unknown}
 h - 5 scrolls of identify {unknown}
 j - a scroll of brand weapon {unknown}
 n - 2 scrolls of fear {unknown}


   Skills:
 + Level 4.5 Fighting
 + Level 6.2 Axes
 + Level 2.5 Armour
 + Level 2.5 Dodging
 + Level 0.4 Stealth


You had 4 spell levels left.
You didn't know any spells.
Your spell library contained the following spells:

 Spells                   Type           Power      Damage    Failure   Level
 Sting                    Tmut/Pois      0%         1d3       47%         1
 Poisonous Vapours        Pois/Air       0%         N/A       63%         2
 Sublimation of Blood     Necr           0%         N/A       63%         2
 Wereblood                Tmut           0%         N/A       63%         2
 Olgreb's Toxic Radiance  Pois           0%         N/A       99%         4
 Summon Hydra             Summ           0%         N/A       100%        7


Dungeon Overview and Level Annotations

Branches:
Dungeon (3/15)

Altars:
Qazlal

Shops:
D:3 !


Message History

You cannot move.
You cannot move.
You cannot move.
You cannot move.
You cannot move.
You cannot move.
You cannot move.
You cannot move.
Your transformation is almost over.
The gnoll hits you from afar with a +0 spear.
* * * LOW HITPOINT WARNING * * *
The gnoll hits you but does no damage. The gnoll hits you but does no damage.
You feel yourself speed up.
The gnoll hits you but does no damage. x2
The gnoll hits you but does no damage. The gnoll hits you but does no damage.
You cannot move.
You cannot move.
You cannot move.
You cannot move.
You cannot move.
You cannot move.
The gnoll barely misses you. The gnoll hits you but does no damage.
You feel less wooden.
Your +0 helmet unmelds from your body.
Your +0 pair of gloves unmelds from your body.
Your +0 leather armour unmelds from your body.
The gnoll hits you from afar with a +0 spear.
* * * LOW HITPOINT WARNING * * *
The gnoll hits you from afar with a +0 spear.
* * * LOW HITPOINT WARNING * * *
The gnoll hits you from afar with a +0 spear.
* * * LOW HITPOINT WARNING * * *
You recover from your berserk rage.
The gnoll hits you but does no damage. The gnoll barely misses you.
The gnoll hits you from afar with a +0 spear.
You die...

.. # # . # ..
#..# ...# #..#
######## ...#
##########......#
#...
...#g)@......##>#
# ..
#...#######.##.#
# .
#...#.....#.##.#
##...#.....#....#
.....#.._..'...##
####..#.....#.#.#
..
.....#.....#...#
####.
.....#######.###
.....
##.#.........#


You could see a gnoll (weak-willed).

Vanquished Creatures
  Natasha (twice) (D:3)
  3 gnolls (D:3)
  4 adders
  6 dart slugs
  4 endoplasms
  2 giant cockroaches
  3 hobgoblins
  3 jackals (D:3)
  4 kobolds
  A quokka (D:3)
  2 ball pythons
  A bat (D:2)
  4 frilled lizards
  5 goblins
  8 rats
52 creatures vanquished.

Vanquished Creatures (others)
  A plant (D:3)
1 creature vanquished.

Grand Total: 53 creatures vanquished

Notes
Turn   | Place    | Note
-------+----------+-------------------------------------------
     0 | D:1      | Numpty the Hill Orc Berserker began the quest for the Orb.
     0 | D:1      | Reached XP level 1. HP: 19/19 MP: 1/1
   270 | D:1      | Reached XP level 2. HP: 15/27 MP: 2/2
  1027 | D:2      | Found a faded altar of an unknown god.
  1035 | D:2      | Reached XP level 3. HP: 33/33 MP: 3/3
  1072 | D:2      | Reached skill level 5 in Axes
  1319 | D:2      | Reached XP level 4. HP: 31/40 MP: 4/4
  1383 | D:2      | Reached ** piety under Trog
  1484 | D:3      | Found Hipicw's Distillery.
  1509 | D:3      | Noticed Natasha
  1516 | D:3      | Killed Natasha
  1672 | D:3      | Noticed Natasha
  1682 | D:3      | Killed Natasha
  1683 | D:3      | Reached XP level 5. HP: 26/47 MP: 5/5
  1916 | D:3      | Reached skill level 6 in Axes
  2019 | D:3      | Found a stormy altar of Qazlal.
  2133 | D:3      | Slain by a gnoll

Illustrated notes

Levels and vault maps discovered:
D:1:      dpeg_arrival_central, layout_basic
D:2:      layout_basic, ebering_ecumenical_altar_mist
D:3:      layout_loops_cross, amcnicky_altar_gilded, serial_shops,
          nicolae_shop_temple_entry_statues_fountains, corexii_shack,
          kennysheep_generic_room_16, uniq_natasha

Skill      XL: |  1  2  3  4  5 |
---------------+----------------+-----
Fighting       | 4 |  4.5
Axes           | 5 6 |  6.2
Dodging        | 2 |  2.5
Armour         | |  2.5
Stealth        | |  0.4

Action                   |  1- 3 |  4- 6 || total
-------------------------+-------+-------++-------
Melee: Hand axe          |    65 |       ||    65
       Punch             |     1 |       ||     1
       Broad axe         |    13 |    54 ||    67
Invok: Berserk           |       |     1 ||     1
  Use: Scroll            |       |     3 ||     3
       Potion            |       |     3 ||     3
Armor: Animal skin       |    11 |       ||    11
       Leather armour    |    11 |    14 ||    25
       Skin              |       |    38 ||    38
Dodge: Dodged            |    63 |    51 ||   114
